Map: Merry Go Round LE

Players

Ashaxyn - Winner!

  • Race: Zerg Zerg
  • Spawn Location: 6:00

Gracz

  • Race: Protoss Protoss
  • League: Bronze
  • Spawn Location: 11:00

Radeus

  • Race: Terran Terran
  • League: Gold
  • Spawn Location: 1:00

VOD

Have the link to the VOD?

Description

Time

  • Played on: Sept. 5, 2016, 2:33 p.m.
  • Length: 23:14
Show
View Real Time Build Order
Export as new Build Order

Ashaxyn Zerg - Winner!

Build Orders: Pool First 

Get SALT Encoding   

  12  0:11  Drone  
  12  0:13  Overlord  
  13  0:17  Drone  
  14  0:40  Drone  
  14  0:41  Drone  
  16  0:47  Spawning Pool, Drone  
  16  1:04  Drone  
  17  1:21  Hatchery  
  16  1:27  Extractor  
  16  1:29  Drone  
  16  1:30  Drone x2  
  18  1:40  Queen  
  18  1:42  Overlord  
  20  2:12  Zergling x4  
  21  2:22  Overlord  
  21  2:35  Zergling x4  
  23  2:39  Metabolic Boost  
  23  2:41  Queen  
  25  3:03  Drone x2  
  27  3:43  Spore Crawler  
  27  3:46  Spine Crawler  
  25  3:51  Drone x3  
  25  3:52  Drone x5  
  33  3:56  Overlord  
  33  3:57  Overlord  
  33  4:00  Lair  
  33  4:04  Extractor  
  30  4:36  Baneling Nest  
  27  4:50  Spine Crawler  
  27  4:51  Zergling x2, Spore Crawler  
  27  4:52  Zergling x12  
  32  5:15  Drone x7  
  32  5:16  Drone  
  40  5:27  Spore Crawler  
  39  5:36  Centrifical Hooks  
  39  5:46  Zergling x2  
  39  5:47  Zergling x20  
  50  5:57  Baneling x9  
  50  5:58  Baneling x4  
  48  6:13  Baneling x3  
  48  6:40  Queen  
  48  6:46  Drone x5  
  54  7:01  Hatchery  
  44  7:57  Zergling x22  
  44  7:58  Zergling x6  
  57  8:17  Infestation Pit  
  56  8:23  Spire  
  56  8:24  Drone x4  
  56  8:25  Drone x2  
  61  8:29  Drone  
  62  8:38  Baneling x12  
  62  8:39  Baneling  
  62  8:56  Baneling  
  62  8:57  Baneling x2, Extractor  
  62  8:58  Baneling  
  62  9:01  Extractor  
  55  9:29  Baneling  
  55  9:30  Baneling x6  
  52  9:40  Drone  
  52  9:41  Queen, Drone x2  
  57  9:54  Baneling  
  57  9:55  Baneling x7  
  57  9:56  Baneling  
  57  9:59  Baneling  
  57  10:00  Baneling  
  57  10:06  Baneling  
  57  10:07  Baneling x2  
  57  10:10  Baneling  
  46  10:48  Extractor  
  44  10:52  Extractor  
  44  10:56  Zergling x2  
  44  10:57  Zergling x28  
  58  11:22  Spore Crawler  
  57  11:27  Spore Crawler  
  57  11:30  Spore Crawler  
  55  11:34  Spine Crawler, Overlord  
  55  11:38  Drone x4  
  55  11:39  Drone x5  
  63  11:42  Baneling x3  
  63  11:43  Baneling x27  
  47  12:39  Hatchery  
  47  12:43  Zergling x2  
  47  12:44  Zergling x32  
  47  12:45  Zergling x2  
  64  13:08  Baneling  
  64  13:09  Baneling x24  
  64  13:10  Baneling x11, Hatchery  
  45  14:00  Drone  
  45  14:01  Queen  
  48  14:07  Zergling x2  
  48  14:08  Zergling x54  
  76  14:25  Queen  
  76  14:28  Baneling x3  
  76  14:29  Baneling x29  
  76  14:30  Baneling x23  
  76  14:31  Baneling  
  78  14:34  Overlord  
  78  14:43  Drone  
  78  14:44  Drone x2  
  81  14:49  Drone x3  
  69  16:46  Drone  
  70  16:47  Drone x18  
  70  16:48  Drone x3  
  91  16:55  Spine Crawler  
  91  16:58  Spine Crawler  
  89  17:05  Spore Crawler  
  89  17:07  Spine Crawler  
  87  17:10  Spine Crawler  
  87  17:11  Spine Crawler  
  87  17:14  Spine Crawler  
  87  17:15  Spine Crawler  
  60  18:35  Drone  
  60  18:36  Drone x2  
  60  18:37  Mutalisk  
  60  18:38  Mutalisk x9  
  60  18:39  Hatchery  
  82  19:19  Mutalisk x2  
  82  19:20  Mutalisk  
  82  19:22  Overlord x4  
  82  19:23  Overlord x2  
  88  19:39  Overlord x4  
  88  19:52  Queen  
  88  19:54  Drone  
  88  19:57  Mutalisk x6  
  88  19:58  Mutalisk x12  
  127  20:17  Hive  
  127  20:48  Mutalisk x8  
  127  20:49  Mutalisk x2  
Show
View Real Time Build Order
Export as new Build Order

Gracz Protoss 

Build Orders: Nexus First 

Get SALT Encoding   

  12  0:01  Probe (Chrono Boost)  
  13  0:18  Probe (Chrono Boost)  
  14  0:52  Pylon  
  14  0:53  Nexus  
  14  0:54  Probe (Chrono Boost)  
  15  1:10  Probe (Chrono Boost)  
  16  1:21  Probe (Chrono Boost)  
  17  1:31  Probe (Chrono Boost)  
  18  1:41  Gateway  
  18  1:42  Probe (Chrono Boost), Gateway  
  18  1:44  Gateway  
  19  1:52  Probe (Chrono Boost)  
  20  2:03  Probe (Chrono Boost)  
  21  2:18  Probe (Chrono Boost)  
  22  2:29  Probe (Chrono Boost)  
  23  2:32  Assimilator  
  23  2:36  Zealot x2  
  27  2:37  Zealot  
  27  2:39  Probe (Chrono Boost)  
  30  2:45  Cybernetics Core  
  30  2:50  Probe (Chrono Boost)  
  31  3:00  Probe (Chrono Boost)  
  31  3:03  Assimilator  
  32  3:11  Probe (Chrono Boost)  
  33  3:21  Probe (Chrono Boost)  
  33  3:32  Probe (Chrono Boost)  
  33  3:33  Warp Gate  
  33  3:51  Stalker  
  28  4:28  Mothership Core (Chrono Boost)  
  29  5:36  Gateway  
  29  5:39  Gateway  
  29  5:46  Gateway  
  29  6:45  Gateway  
  29  6:55  Pylon  
  29  6:59  Pylon  
  29  7:21  Pylon, Nexus  
  29  7:24  Pylon  
  29  7:27  Pylon  
  29  7:31  Pylon  
  29  7:34  Pylon, Probe (Chrono Boost)  
  29  7:36  Assimilator  
  30  7:37  Pylon  
  30  7:40  Assimilator, Pylon  
  29  7:46  Probe (Chrono Boost)  
  31  7:58  Probe (Chrono Boost)  
  31  8:10  Stalker x3  
  31  8:11  Stalker  
  31  8:12  Stalker x2  
  43  8:26  Twilight Council  
  43  8:30  Forge  
  43  8:45  Probe (Chrono Boost)  
  45  8:55  Probe (Chrono Boost)  
  45  9:00  Stalker x3  
  45  9:01  Stalker  
  53  9:03  Stalker  
  53  9:06  Probe (Chrono Boost)  
  53  9:08  Stalker  
  40  10:03  Probe (Chrono Boost)  
  40  10:04  Probe (Chrono Boost)  
  43  10:15  Probe x2 (Chrono Boost)  
  43  10:17  Blink  
  44  10:25  Probe (Chrono Boost)  
  44  10:27  Probe (Chrono Boost)  
  46  10:36  Probe (Chrono Boost)  
  46  10:39  Probe (Chrono Boost)  
  48  10:46  Stalker x5, Probe (Chrono Boost)  
  48  10:47  Stalker  
  61  10:52  Probe (Chrono Boost)  
  62  10:57  Probe (Chrono Boost)  
  62  11:04  Probe (Chrono Boost)  
  64  11:08  Probe (Chrono Boost)  
  65  11:16  Stalker, Probe (Chrono Boost)  
  65  11:18  Probe (Chrono Boost)  
  69  11:29  Probe (Chrono Boost)  
  69  11:32  Probe (Chrono Boost)  
  72  11:40  Probe (Chrono Boost)  
  72  11:44  Probe (Chrono Boost)  
  73  11:50  Probe (Chrono Boost)  
  74  12:01  Probe (Chrono Boost)  
  59  12:11  Probe (Chrono Boost)  
  30  12:47  Stalker x3  
  30  12:48  Stalker x3  
  28  13:29  Stalker x2  
  27  14:00  Stalker  
Show
View Real Time Build Order
Export as new Build Order

Radeus Terran 

Build Orders: Reaper Expand 

Get SALT Encoding   

  12  0:00  SCV  
  13  0:13  SCV  
  14  0:21  Supply Depot  
  14  0:25  SCV  
  15  0:43  SCV  
  15  0:45  Barracks  
  17  1:00  SCV  
  17  1:03  Refinery  
  17  1:34  Orbital Command  
  17  1:44  Command Center  
  17  1:46  Reaper  
  18  2:06  Refinery  
  18  2:18  Reaper  
  19  2:37  SCV  
  20  2:48  Barracks  
  20  2:49  SCV  
  21  2:53  Reaper  
  22  3:00  Factory  
  22  3:01  SCV  
  22  3:05  Supply Depot  
  23  3:10  Orbital Command  
  23  3:13  SCV  
  24  3:25  Reaper  
  25  3:35  SCV x2  
  27  3:47  SCV  
  27  3:48  SCV  
  29  4:00  SCV  
  30  4:13  SCV x2  
  32  4:25  SCV x2  
  32  4:27  Reaper  
  35  4:37  Refinery, SCV  
  35  4:38  Refinery, SCV  
  37  4:49  SCV  
  37  4:50  SCV  
  37  4:51  Barracks Reactor  
  39  4:55  Factory Tech Lab  
  39  4:56  Barracks  
  40  5:00  Barracks, Reaper  
  40  5:01  SCV  
  40  5:02  SCV  
  42  5:13  SCV  
  42  5:35  Barracks Reactor  
  42  5:36  Reaper x2  
  44  5:46  Starport  
  44  5:48  Starport  
  44  5:52  Barracks Tech Lab  
  44  5:56  Barracks Reactor  
  44  6:03  Siege Tank  
  46  6:08  Reaper  
  44  6:21  Stimpack  
  44  6:24  Reaper  
  44  6:25  Marine  
  46  6:31  Supply Depot  
  46  6:36  Starport Reactor, Supply Depot  
  46  6:37  Starport Tech Lab  
  46  6:52  Marine x2, Siege Tank, Reaper  
  46  6:53  Supply Depot  
  52  6:54  Ghost Academy  
  52  6:56  Reaper  
  52  6:59  Supply Depot  
  39  7:17  Supply Depot  
  39  7:22  Supply Depot  
  38  7:28  Marauder  
  15  7:45  Supply Depot  
  15  7:53  Marine x2  
  15  7:54  Marine  
  15  7:55  SCV  
  18  8:07  SCV  
  18  8:11  Marine  
  18  8:12  Reaper  
  17  8:44  Marine  
  14  9:02  Reaper  
  12  9:10  Marine x6  
  16  9:28  Marine x6  
  22  9:34  Marine  
  23  9:45  Marine  
  23  9:46  Marine x5  
  23  9:48  SCV  
  23  9:51  Marine  
  31  9:58  Medivac x2  
  35  10:00  SCV  
  35  10:04  Marine x4  
  42  10:09  Marine  
  42  10:12  SCV  
  44  10:16  Supply Depot  
  44  10:19  Marine  
  43  10:21  Marine x2, Supply Depot  
  43  10:24  SCV  
  43  10:27  Marine  
  46  10:34  Medivac x2  
  15  11:04  Medivac  
  15  11:24  Barracks Tech Lab  
  15  11:25  Orbital Command  
  13  11:28  Ghost Academy  
  11  11:37  Ghost Academy  
  11  12:05  Ghost, Orbital Command  
  13  12:24  Refinery  
  13  12:33  Ghost  
  13  13:46  Refinery  
  13  14:11  Personal Cloaking  
  13  14:26  Supply Depot  
  13  14:49  Supply Depot  
  13  14:57  Barracks Tech Lab  
  13  15:47  Factory  
  11  16:52  Factory  
  11  17:15  Ghost  
  13  17:44  Ghost  
  15  17:59  Ghost Academy  
  15  18:29  Ghost Academy  
  15  18:46  Nuke  
  8  19:41  Ghost  
  8  20:42  Nuke  
  8  20:46  Ghost  
Tags
 
Add a new tag
Caveats
  • Supply blocks, unpowered buildings, or Contaminate may cause inaccurate times.
  • Supply counts are checked every 10 seconds.